 Dungeon Crawl Stone Soup version 0.21.1-1-g345015f (webtiles) character file.

89 Zhenya24pyc the Skirmisher (level 4, 0/29 HPs)
             Began as a Gargoyle Fighter on Feb 6, 2018.
             Slain by a gnoll
             ... wielding a +0 flail
              (3 damage)
             ... on level 2 of the Dungeon.
             The game lasted 00:01:41 (1064 turns).

Zhenya24pyc the Skirmisher (Gargoyle Fighter)       Turns: 1064, Time: 00:01:41

Health: 0/29       AC: 10    Str: 21    XL:     4   Next: 55%
Magic:  4/4        EV:  7    Int:  8    God:
Gold:   125        SH:  9    Dex: 13    Spells: 3/3 levels left

rFire    . . .     SeeInvis .   a - +0 flail
rCold    . . .     Gourm    .   c - +0 shield
rNeg     + . .     Faith    .   b - +0 scale mail
rPois    ∞         Spirit   .   (no helmet)
rElec    +         Reflect  .   (no cloak)
rCorr    .         Harm     .   (no gloves)
MR       .....                  (no boots)
Stlth    ..........             (no amulet)
HPRegen  0.09/turn              h - +4 ring of dexterity
MPRegen  0.09/turn              (no ring)

@: no status effects
A: negative energy resistance 1, electricity resistance, unbreathing,
petrification resistance, rot immunity, AC +3
a: no special abilities


You were on level 2 of the Dungeon.
You were not hungry.

You visited 1 branch of the dungeon, and saw 2 of its levels.

You collected 125 gold pieces.

Inventory:

Hand Weapons
 a - a +0 flail (weapon)
Armour
 b - a +0 scale mail (worn)
 c - a +0 shield (worn)
Jewellery
 h - a +4 ring of dexterity (left hand)
Wands
 o - a wand of iceblast (7)
Scrolls
 g - 2 scrolls of identify {unknown}
 j - 2 scrolls of noise {unknown}
 l - a scroll of enchant armour {unknown}
Potions
 d - 3 potions of might
 e - 2 potions of curing {unknown}
 i - 2 potions of heal wounds {unknown}
 m - a potion of berserk rage {unknown}
 n - a potion of flight {unknown}
Comestibles
 f - 3 rations
 k - 4 chunks of flesh


   Skills:
 + Level 4.1 Fighting
 * Level 3.7 Maces & Flails
 - Level 3.2 Armour
 - Level 1.0 Dodging
 - Level 3.2 Shields


You had 3 spell levels left.
You didn't know any spells.

Dungeon Overview and Level Annotations

Branches:
Dungeon (2/15)

Altars:


Innate Abilities, Weirdness & Mutations

You are resistant to torment.
Your stone body is resilient. (AC +3)
You are immune to poison.
You resist negative energy. (rN+)
You are resistant to electric shocks. (rElec)
You can survive without breathing.
You are immune to petrification.
You are immune to rotting.


Message History

You thump the gnoll!
You kill the gnoll!
You hit the gnoll.
The gnoll is heavily wounded.
You block the gnoll's attack. The gnoll closely misses you.
You barely miss the gnoll.
The gnoll is heavily wounded.
The gnoll hits you with a flail.
* * * LOW HITPOINT WARNING * * *
You closely miss the gnoll.
The gnoll is heavily wounded.
The gnoll completely misses you.
You hit the gnoll but do no damage.
The gnoll is heavily wounded.
The gnoll hits you with a flail.
* * * LOW HITPOINT WARNING * * *
Your shield prevents you from hitting the gnoll.
The gnoll is heavily wounded.
The gnoll hits you with a flail.
You die...

...#.#....#.#.########
...#.#.####.#.#
.......# #...###
.([....####.....#
...........)..###
.........##.#..(##
............#.#..#
....#......##.##.#
..#.<......##.##@#
#.######...##.##g# # #
#...[......
#...........
#............
#####........#
.........# ####......#


You could see a gnoll.

Vanquished Creatures
  3 gnolls (D:2)
  4 adders (D:2)
  A giant cockroach (D:2)
  7 goblins
  5 hobgoblins
  A bat (D:1)
  A frilled lizard (D:2)
  4 kobolds
  A rat (D:1)
27 creatures vanquished.

Notes
Turn   | Place    | Note
-------+----------+-------------------------------------------
     0 | D:1      | Zhenya24pyc the Gargoyle Fighter began the quest for the Orb.
     0 | D:1      | Reached XP level 1. HP: 14/14 MP: 1/1
   330 | D:1      | Reached XP level 2. HP: 19/19 MP: 2/2
   839 | D:2      | Reached XP level 3. HP: 17/23 MP: 3/3
   929 | D:2      | Reached skill level 1 in Dodging
  1011 | D:2      | Reached XP level 4. HP: 17/29 MP: 4/4
  1053 | D:2      | Reached skill level 4 in Fighting
  1064 | D:2      | Slain by a gnoll

Skill      XL: |  1  2  3  4 |
---------------+-------------+-----
Maces & Flails | 3 |  3.7
Dodging        | 1 |  1.0
Fighting       | 4 |  4.1
Armour         | |  3.2
Shields        | |  3.2

Action                   |  1- 3 |  4- 6 || total
-------------------------+-------+-------++-------
Melee: Flail             |   100 |    27 ||   127
  Eat: Chunk             |       |     1 ||     1
Armor: Scale mail        |    65 |     5 ||    70
Dodge: Dodged            |    29 |     9 ||    38
Block: Shield            |    51 |    10 ||    61
